 Dungeon Crawl Stone Soup version 0.27-a0-668-gb5737ff2c0 (webtiles) character file.

Game seed: 10119003304490113709

192 rednaxela the Ruffian (level 5, -3/49 HPs)
             Began as a Naga Monk on Mar 17, 2021.
             Slain by an ogre
             ... wielding a +0 giant spiked club
              (31 damage)
             ... on level 3 of the Dungeon.
             The game lasted 00:13:52 (3931 turns).

rednaxela the Ruffian (Naga Monk)                   Turns: 3931, Time: 00:13:54

Health: -3/49      AC:  2    Str: 14    XL:     5   Next: 71%
Magic:  5/5        EV: 10    Int: 11    God:
Gold:   87         SH:  0    Dex: 13    Spells: 4/4 levels left

rFire    . . .     SeeInvis +     - Unarmed
rCold    . . .     Faith    .   (no shield)
rNeg     . . .     Spirit   .   a - +0 robe
rPois    +         Reflect  .   (no helmet)
rElec    .         Harm     .   (no cloak)
rCorr    .         Rampage  .   (no gloves)
Will     .....                  (no barding)
Stlth    ++........             (no amulet)
HPRegen  0.16/turn              (no ring)
MPRegen  0.09/turn              (no ring)

@: very slow
A: AC +1, large, see invisible, deformed body, poison resistance, slowness 2,
spit poison 1, naga tail 1
a: Spit Poison


You were on level 3 of the Dungeon.
You visited 1 branch of the dungeon, and saw 3 of its levels.

You collected 87 gold pieces.

Inventory:

Missiles
 e - 3 poisoned darts (quivered)
 f - 24 arrows
 g - 36 bolts
Armour
 a - a +0 robe (worn)
Jewellery
 c - a ring of magical power
   (You found it on level 1 of the Dungeon)
Scrolls
 k - a scroll of identify {unknown}
Potions
 b - 2 potions of haste {unknown}
 d - a potion of degeneration {unknown}
 h - 2 potions of lignification {unknown}
 i - a potion of curing {@q1 !q}
 j - a potion of heal wounds {unknown}


   Skills:
 - Level 3.0 Fighting
 - Level 2.4 Dodging
 - Level 3.0 Stealth
 + Level 6.2 Unarmed Combat


You had 4 spell levels left.
You didn't know any spells.
Your spell library was empty.

Dungeon Overview and Level Annotations

Branches:
Dungeon (3/15)

Altars:
Okawaru
Trog
The Shining One

Shops:
D:1 (


Innate Abilities, Weirdness & Mutations

Your serpentine skin is tough. (AC +1)
You have supernaturally acute eyesight. (SInv)
Armour fits poorly on your strangely shaped body.
Your system is resistant to poisons. (rPois)
You cover ground very slowly.
You can spit poison.
You have a snake-like lower body.


Message History

A rat comes into view.
The helpless leopard gecko fails to defend itself.
You hit the leopard gecko.
The leopard gecko is almost dead.
The leopard gecko closely misses you.
You hit the leopard gecko.
You kill the leopard gecko!
You punch the rat!
You kill the rat!
No target in view!
You see here a rat corpse.
Found an iron altar of Okawaru and a bloodstained altar of Trog.
There is a fountain of clear blue water here.
There is a fountain of clear blue water here.
A goblin is nearby!
The goblin shouts!
The ogre shouts!
There is a stone staircase leading up here.
Press: ? - help, Shift-Dir - straight line, f - goblin
Aim: a goblin, wielding a +0 club You fail to use your ability.
The goblin hits you with a +0 club.
You climb upwards.
There is a stone staircase leading down here.
Press: ? - help, Shift-Dir - straight line, f - goblin
Aim: a goblin, wielding a +0 club The splash of poison misses the goblin.
The goblin closely misses you.
You completely miss the goblin. The goblin hits you but does no damage.
You barely miss the goblin. The goblin closely misses you.
You hit the goblin but do no damage. The goblin hits you with a +0 club.
You closely miss the goblin.
You have got your breath back.
The goblin hits you with a +0 club.
You closely miss the goblin. The goblin barely misses you.
You hit the goblin.
You kill the goblin!
Things that are here:
a +0 club; a goblin corpse You start resting.
HP restored.
There is a stone staircase leading down here.
There is a stone staircase leading down here.
You climb downwards.
There is a stone staircase leading up here.
Press: ? - help, Shift-Dir - straight line, f - ogre
Aim: an ogre, wielding a +0 giant spiked club The splash of poison hits the ogre.
The ogre is poisoned.
The ogre is lightly wounded.
You aren't carrying any items that you can evoke.
The adder completely misses you. The adder bites you.
You climb upwards.
There is a stone staircase leading down here.
You hit the adder but do no damage.
You have got your breath back.
The adder barely misses you.
You completely miss the adder. The adder bites you.
You miss the adder. The adder bites you but does no damage.
You punch the adder!
The adder is almost dead.
The adder bites you. x2
You are poisoned.
The adder poisons you!
You punch the adder!
You kill the adder!
You feel sick.
You feel sick.
You feel sick.
You feel sick.
You feel sick.
There is a stone staircase leading down here.
You climb downwards.
You feel sick.
You are no longer poisoned.
There is a stone staircase leading up here.
Press: ? - help, Shift-Dir - straight line, f - ogre
Aim: an ogre, wielding a +0 giant spiked club (lightly wounded)
The splash of poison hits the ogre.
The ogre is poisoned.
The ogre is moderately wounded.
Throw: 6 darts (poison)
Press: ? - help, Shift-Dir - straight line, f/p - ogre
Aim: an ogre, wielding a +0 giant spiked club (moderately wounded, poisoned, 73% to hit)
You throw a poisoned dart.
The poisoned dart barely misses the ogre.
Throw: 5 darts (poison)
Press: ? - help, Shift-Dir - straight line, f/p - ogre
Aim: an ogre, wielding a +0 giant spiked club (moderately wounded, poisoned, 73% to hit)
You throw a poisoned dart. The poisoned dart hits the ogre.
The ogre looks even sicker.
The ogre is moderately wounded.
Throw: 4 darts (poison)
Press: ? - help, Shift-Dir - straight line, f/p - ogre
Aim: an ogre, wielding a +0 giant spiked club (moderately wounded, very poisoned, 73% to hit)
You throw a poisoned dart. The poisoned dart hits the ogre.
The ogre is moderately wounded.
You completely miss the ogre.
The ogre is moderately wounded.
The ogre hits you with a +0 giant spiked club!
* * * LOW HITPOINT WARNING * * *
You have got your breath back.
The ogre hits you with a +0 giant spiked club!!
Ouch! That really hurt!
You die...

...##...........'##..##.####
...##.....#..PP..#..###.#
...##.......P≈≈.....# #.#####
#####........PP.....###.....♣ #
#......#................♣
######.....####.##.#......♣.♣
....##.....####.##....#.#.♣.♣
###.##.....#....##..........♣ #
#.##.....#....@O........♣♣♣ #
#.##.....#...............♣♣♣ #
#.#......(.......(.........♣ #
#.#..........#....((......♣
###.#..........#............♣♣♣
#.#.#..........#...............
#.#.#..........#.......<.......
#.......<......#...............
#.#.##...÷.....#.......>....###


You could see an ogre (very poisoned).

Vanquished Creatures
  Natasha (thrice) (D:2)
  6 adders
  An ooze (D:1)
  2 worms
  A dart slug (D:2)
  A leopard gecko (D:3)
  3 bats
  2 giant cockroaches
  8 goblins
  6 hobgoblins
  2 jackals (D:2)
  A quokka (D:1)
  3 ball pythons
  3 frilled lizards
  5 kobolds
  12 rats
59 creatures vanquished.

Notes
Turn   | Place    | Note
-------+----------+-------------------------------------------
     0 | D:1      | rednaxela the Naga Monk began the quest for the Orb.
     0 | D:1      | Reached XP level 1. HP: 21/21 MP: 1/1
    72 | D:3      | Noticed an ogre
   259 | D:1      | Reached XP level 2. HP: 13/28 MP: 2/2
   754 | D:1      | Found Hefeingu's Antique Weapon Emporium.
  1327 | D:1      | Reached skill level 4 in Unarmed Combat
  1378 | D:1      | Reached XP level 3. HP: 22/34 MP: 3/3
  2146 | D:2      | Noticed Natasha
  2208 | D:2      | Killed Natasha
  2209 | D:2      | Reached skill level 5 in Unarmed Combat
  2209 | D:2      | Reached XP level 4. HP: 15/42 MP: 4/4
  2319 | D:2      | Noticed Natasha
  2420 | D:2      | Killed Natasha
  2473 | D:2      | Reached XP level 5. HP: 35/49 MP: 5/5
  2782 | D:2      | Noticed Natasha
  2795 | D:2      | Killed Natasha
  3398 | D:3      | Reached skill level 6 in Unarmed Combat
  3768 | D:3      | Found a glowing golden altar of the Shining One.
  3794 | D:3      | Found an iron altar of Okawaru.
  3794 | D:3      | Found a bloodstained altar of Trog.
  3931 | D:3      | Slain by an ogre

Illustrated notes

Levels and vault maps discovered:
D:1:      dpeg_arrival_erosion, layout_loops_corners, serial_shops,
          nicolae_shop_statue_plus
D:2:      layout_loops_corners, chequers_serial_rivers_micro_c,
          kennysheep_generic_room_6, uniq_natasha
D:3:      layout_basic, amethyst_overflow_temple_binary, tso_oasis_becter,
          chequers_ecumenical_altar_grove, kennysheep_nub

Skill      XL: |  1  2  3  4  5 |
---------------+----------------+-----
Unarmed Combat | 4 5 6 |  6.2
Fighting       | |  3.0
Dodging        | |  2.4
Stealth        | |  3.0

Action                   |  1- 3 |  4- 6 || total
-------------------------+-------+-------++-------
Melee: Unarmed           |    98 |    68 ||   166
Throw: Dart              |     1 |     3 ||     4
 Abil: Spit Poison       |    15 |    19 ||    34
 Stab: Sleeping          |     3 |     2 ||     5
       Distracted        |     1 |       ||     1
Armor: Robe              |    14 |    12 ||    26
Dodge: Dodged            |    38 |    37 ||    75

Table legend: (Time is in decaauts)
 A = Elapsed time spent in this place.
 B = Non-inter-level travel time spent in this place.
 C = Inter-level travel time spent in this place.
 D = Time resting spent in this place.
 E = Time spent auto-exploring this place.
 F = Levels seen in this place.
 G = Mean time per level.
                   A        B        C        D        E       F      G
               +--------+--------+--------+--------+--------+-----+--------+
         Total |   4681 |   4569 |    112 |   1291 |   2301 |   3 | 1560.3 |
       Dungeon |   4681 |   4569 |    112 |   1291 |   2301 |   3 | 1560.3 |
               +--------+--------+--------+--------+--------+-----+--------+

Top non-repeatable levels by time:
     D:1: 1959 daAuts
     D:2: 1947 daAuts
     D:3: 774 daAuts
